 Dungeon Crawl Stone Soup version 0.20.1-1-g8b1a95d (webtiles) character file.

412 pstr the Conjurer (level 7, -10/38 HPs)
             Began as a Kobold Conjurer on Nov 14, 2017.
             Killed by divine providence
             ... invoked by an orc priest
              (16 damage)
             ... on level 3 of the Dungeon.
             The game lasted 00:11:39 (3682 turns).

pstr the Conjurer (Kobold Conjurer)                 Turns: 3682, Time: 00:11:40

Health: -10/38     AC:  8    Str:  5    XL:     7   Next: 14%
Magic:  0/13       EV: 14    Int: 18    God:
Gold:   195        SH:  4    Dex: 16    Spells: 11/14 levels left

rFire    + + .     SeeInvis .   n - staff of cold
rCold    + + .     Gourm    .   (shield currently unavailable)
rNeg     . . .     Faith    .   z - +0 ring mail {rF+}
rPois    .         Spirit   .   (no helmet)
rElec    .         Reflect  +   l - scarf {rC+ rF+}
rCorr    .         Harm     .   s - +0 pair of gloves
MR       .....                  (no boots)
Stlth    ++........             A - +4 amulet of reflection
Regen    0.2/turn               m - +2 ring of protection
MPRegen  0.2/turn               e - +2 ring of evasion

@: no status effects
A: carnivore 3
a: no special abilities


You were on level 3 of the Dungeon.
You were completely stuffed.

You visited 1 branch of the dungeon, and saw 4 of its levels.

You collected 195 gold pieces.

Inventory:

Missiles
 g - 180 stones (quivered)
 j - 32 arrows
Armour
 a - a +0 robe
 d - a +2 ring mail of positive energy
 h - a +0 buckler
 l - a scarf of resistance (worn)
 s - a +0 pair of gloves (worn)
 z - a +0 ring mail of fire resistance (worn)
Magical Staves
 n - an uncursed staff of cold (weapon)
Jewellery
 e - a +2 ring of evasion (right hand)
 i - an uncursed amulet of faith {unknown}
 m - a +2 ring of protection (left hand)
 q - a cursed -2 ring of protection
 A - a +4 amulet of reflection (around neck)
Scrolls
 o - 3 scrolls of remove curse
 p - a scroll of teleportation {unknown}
 t - a scroll of identify {unknown}
 v - a scroll of enchant armour
 x - a scroll of enchant weapon {unknown}
 y - a scroll of random uselessness {unknown}
Potions
 r - a potion of resistance {unknown}
 u - 2 potions of berserk rage {unknown}
Books
 b - a book of Conjurations

   Spells                             Type                      Level
   a - Magic Dart                     Conjuration                  1
   b - Searing Ray                    Conjuration                  2
   c - Dazzling Spray                 Conjuration/Hexes            3
   d - Fulminant Prism                Conjuration/Hexes            4
   e - Force Lance                    Conjuration/Translocation    4
   f - Iskenderun's Mystic Blast      Conjuration                  4
Comestibles
 c - 3 meat rations
 f - 3 chunks of flesh
 k - a royal jelly


   Skills:
 + Level 1.2 Fighting
 + Level 1.2 Staves
 + Level 0.2 Armour
 + Level 3.8 Dodging
 + Level 3.8 Stealth
 + Level 0.2 Shields
 + Level 1.2 Unarmed Combat
 + Level 4.2 Spellcasting
 + Level 5.4 Conjurations


You had 11 spell levels left.
You knew the following spells:

 Your Spells              Type           Power        Failure   Level  Hunger
a - Magic Dart            Conj           ###.         8%          1    None
b - Searing Ray           Conj           ###...       11%         2    ##.....


Dungeon Overview and Level Annotations

Branches:
Dungeon (4/15)
 Temple: D:4-7

Altars:
Ashenzari
Elyvilon
Fedhas
Hepliaklqana
Kikubaaqudgha
Okawaru
Sif Muna
Vehumet
The Shining One


Innate Abilities, Weirdness & Mutations

You are small and have problems with some larger weapons.
You are carnivorous and can eat meat at any time.


Message History

Aim: an orc priest, wielding a falchion and wearing a runed ring mail The magic dart hits the orc priest.
The orc priest is moderately wounded.
The orc priest completely misses you.
Found 19 gold pieces.
Found an escape hatch in the ceiling.
The orc priest looks braver for a moment.
The orc priest calls down the wrath of Beogh upon you.
Pain shoots through your body!
* * * LOW HITPOINT WARNING * * *
Your magical contamination has completely faded away.
Casting: Magic Dart
Confirm with . or Enter, or press ? or * to list all spells.
Aiming: Magic Dart
Press: ? - help, Shift-Dir - straight line, f/p - orc priest
Aim: an orc priest, wielding a falchion and wearing a runed ring mail (moderately wounded)
The magic dart hits the orc priest.
The orc priest is moderately wounded.
The orc priest mumbles some strange prayers to Beogh against you.
Beogh smites you!
You die...

#### #.. .... #.. ### #..
#.########### ...#..
#............
#.#.####............ #
#...o.o.............
###.###.####............
........####............
....##.@##..>...........
## #...####...........
#...##.............
#...##.#...........
#..##..............
#.######..##..............
#.........##..............
########.###......)(......
#....................


You could see an orc priest.

Vanquished Creatures
  An ogre (D:4)
  3 orc priests
  A worker ant (D:4)
  4 orc wizards (D:4)
  3 adders (D:2)
  5 worms
  A dart slug (D:2)
  2 leopard geckos
  8 orcs (D:4)
  5 bats
  3 giant cockroaches
  3 goblins
  7 hobgoblins
  6 jackals
  4 kobolds
  3 frilled lizards
  4 rats
63 creatures vanquished.

Notes
Turn   | Place    | Note
-------+----------+-------------------------------------------
     0 | D:1      | pstr the Kobold Conjurer began the quest for the Orb.
     0 | D:1      | Reached XP level 1. HP: 10/10 MP: 3/3
   430 | D:1      | Reached XP level 2. HP: 15/15 MP: 0/5
   696 | D:1      | Learned a level 2 spell: Searing Ray
  1076 | D:2      | Reached XP level 3. HP: 17/19 MP: 2/6
  1150 | D:2      | Found a blossoming altar of Fedhas.
  1152 | D:2      | Found an ancient bone altar of Kikubaaqudgha.
  1364 | D:2      | Found a deep blue altar of Sif Muna.
  1430 | D:2      | Reached XP level 4. HP: 13/24 MP: 0/8
  1569 | D:2      | Found a faded altar of an unknown god.
  1636 | D:2      | Found a glowing golden altar of the Shining One.
  1667 | D:2      | Found a shattered altar of Ashenzari.
  1748 | D:2      | Found a hazy altar of Hepliaklqana.
  2317 | D:3      | Found a white marble altar of Elyvilon.
  2376 | D:3      | Reached skill level 1 in Unarmed Combat
  2586 | D:3      | Reached XP level 5. HP: 28/28 MP: 5/9
  2728 | D:4      | Reached skill level 5 in Conjurations
  3170 | D:4      | Found an iron altar of Okawaru.
  3193 | D:4      | Reached XP level 6. HP: 23/32 MP: 5/11
  3632 | D:4      | Noticed an ogre
  3634 | D:4      | Reached skill level 1 in Staves
  3639 | D:4      | Killed an ogre
  3639 | D:4      | Reached skill level 1 in Fighting
  3639 | D:4      | Reached XP level 7. HP: 38/38 MP: 1/13
  3651 | D:4      | Found a radiant altar of Vehumet.
  3682 | D:3      | Killed from afar by an orc priest

Skill      XL: |  1  2  3  4  5  6 |
---------------+-------------------+-----
Stealth        | 3 |  3.8
Dodging        | 3 |  3.8
Unarmed Combat | 1 |  1.2
Spellcasting   | 3 4 |  4.2
Conjurations   | 5 |  5.4
Staves         | 1 |  1.2
Fighting       | 1 |  1.2
Armour         | |  0.2
Shields        | |  0.2

Action                   |  1- 3 |  4- 6 |  7- 9 || total
-------------------------+-------+-------+-------++-------
Melee: Unarmed           |    16 |       |       ||    16
       Staff             |     6 |    36 |     3 ||    45
 Cast: Magic Dart        |    38 |    34 |     5 ||    77
       Searing Ray       |     7 |    29 |       ||    36
  Use: Scroll            |     1 |     1 |       ||     2
       Potion            |       |     3 |       ||     3
  Eat: Chunk             |     5 |    14 |       ||    19
Armor: Robe              |     4 |     1 |       ||     5
       Ring mail         |       |     8 |     2 ||    10
Dodge: Dodged            |    26 |    49 |     5 ||    80
Block: Other             |       |     2 |       ||     2
